Map: Cyber Forest LE

Players

Namshar - Winner!

  • Race: Zerg Zerg
  • Spawn Location: 11:00

SouLeer

  • Race: Zerg Zerg
  • Spawn Location: 5:00

Event: 2019 WCS Spring

VOD

Have the link to the VOD?

Description

Time

  • Played on: May 17, 2019, 7:58 a.m.
  • Length: 8:47

All games in this series

Show
View Real Time Build Order
Export as new Build Order

Namshar Zerg - Winner!

Build Orders: Pool First 

Get SALT Encoding   

  12  0:00  Drone  
  13  0:13  Overlord  
  13  0:16  Drone  
  14  0:31  Drone x2  
  16  0:40  Spawning Pool  
  15  0:44  Drone  
  15  0:48  Drone  
  17  0:51  Extractor  
  17  0:56  Drone  
  17  1:15  Hatchery  
  16  1:27  Zergling x4  
  16  1:28  Zergling x2  
  19  1:38  Queen  
  21  1:46  Overlord  
  21  1:54  Metabolic Boost  
  21  1:58  Drone  
  22  2:11  Drone x2  
  24  2:16  Queen  
  26  2:23  Baneling Nest  
  24  2:30  Zergling x2  
  25  2:37  Zergling x2  
  25  2:43  Drone x2  
  25  2:44  Drone  
  28  2:48  Zergling x4  
  28  2:50  Zergling x2  
  31  2:53  Zergling x2  
  32  3:02  Zergling x2  
  32  3:03  Zergling x2  
  33  3:16  Drone x2  
  35  3:21  Overlord  
  35  3:23  Overlord  
  35  3:26  Drone  
  36  3:28  Baneling x2  
  36  3:40  Drone x6  
  39  3:52  Drone x2  
  39  3:57  Baneling x2  
  39  4:00  Drone  
  39  4:02  Drone x5  
  45  4:14  Hatchery  
  44  4:20  Drone x2  
  46  4:24  Evolution Chamber  
  46  4:26  Drone x2  
  47  4:32  Roach Warren  
  47  4:35  Drone x2  
  47  4:38  Overlord  
  48  4:42  Lair  
  46  5:00  Zergling x8  
  46  5:02  Zergling x18  
  46  5:05  Zerg Missile Weapons Level 1  
  58  5:08  Extractor x2  
  56  5:18  Overlord x2  
  56  5:20  Baneling  
  55  5:27  Queen  
  57  5:32  Drone x3  
  59  5:52  Glial Reconstitution  
  59  5:53  Roach x4  
  59  5:54  Overseer  
  59  5:55  Overseer  
  67  5:58  Baneling  
  67  6:02  Roach, Zergling x10  
  72  6:15  Roach x2  
  75  6:19  Baneling  
  75  6:20  Baneling  
  75  6:23  Baneling x2  
  75  6:28  Queen  
  75  6:39  Roach x6  
  81  6:42  Roach, Zergling x10  
  78  6:47  Roach  
  78  6:49  Roach  
  78  6:51  Evolution Chamber  
  78  6:52  Queen  
  73  6:54  Roach  
  73  6:55  Roach  
  73  7:00  Roach  
  77  7:01  Roach, Zergling x2  
  77  7:02  Zergling x4  
  77  7:04  Baneling  
  77  7:08  Zergling x2  
  81  7:09  Zergling x2  
  79  7:16  Roach  
  79  7:22  Overlord x2  
  81  7:28  Baneling x3  
  81  7:39  Baneling x4  
  81  7:40  Overlord x2  
  81  7:42  Roach x4  
  89  7:47  Roach x2, Zergling x2  
  94  7:53  Roach  
  94  7:54  Roach  
  91  8:08  Drone  
  91  8:09  Drone x2  
  94  8:19  Roach x8  
  109  8:27  Roach x2  
  109  8:30  Zergling x4  
Show
View Real Time Build Order
Export as new Build Order

SouLeer Zerg 

Build Orders: Pool First 

Get SALT Encoding   

  12  0:01  Drone  
  13  0:12  Overlord  
  13  0:17  Drone  
  14  0:30  Drone x2  
  16  0:36  Drone  
  17  0:45  Spawning Pool  
  17  0:48  Drone  
  17  0:53  Extractor  
  17  0:56  Drone  
  17  1:17  Hatchery  
  16  1:32  Zergling x6  
  19  1:37  Queen  
  21  1:45  Overlord  
  21  1:54  Drone  
  22  2:02  Metabolic Boost  
  22  2:05  Zergling x2  
  23  2:14  Queen  
  25  2:16  Drone  
  26  2:26  Drone  
  27  2:31  Drone  
  28  2:40  Spore Crawler, Drone x2  
  30  2:46  Baneling Nest  
  30  2:47  Drone x3  
  32  3:00  Drone x2  
  32  3:04  Overlord  
  33  3:07  Drone  
  33  3:13  Zergling x2  
  33  3:14  Zergling x2  
  33  3:16  Zergling x4  
  36  3:21  Overlord  
  36  3:27  Spine Crawler  
  36  3:29  Baneling  
  36  3:30  Baneling  
  36  3:38  Baneling x2  
  36  3:39  Baneling  
  34  3:41  Zergling x6  
  34  3:45  Zergling x2  
  35  3:49  Zergling x4  
  35  3:53  Drone  
  37  3:57  Evolution Chamber  
  37  3:58  Drone  
  37  4:05  Zergling x2  
  38  4:15  Drone x2  
  42  4:19  Drone  
  41  4:25  Overlord  
  41  4:26  Drone x2  
  42  4:35  Zerg Ground Armor Level 1  
  42  4:36  Drone x2  
  44  4:46  Extractor  
  44  4:49  Drone x2  
  44  4:50  Overlord, Extractor  
  46  4:57  Hatchery  
  44  5:03  Zergling x2  
  44  5:04  Zergling x8  
  44  5:05  Baneling x3  
  49  5:10  Zergling x4  
  49  5:13  Overlord  
  51  5:14  Zergling x2  
  51  5:18  Zergling x4  
  52  5:24  Zergling x6  
  55  5:30  Zergling x6  
  55  5:32  Baneling x3  
  58  5:37  Zergling x6  
  58  5:40  Baneling  
  61  5:47  Zergling x4  
  62  5:51  Zergling x6  
  62  5:56  Baneling  
  64  6:01  Zergling x4  
  64  6:02  Zergling x4  
  67  6:09  Zergling x4  
  68  6:15  Zergling x4  
  70  6:19  Baneling x3  
  70  6:24  Zergling x8  
  74  6:29  Zergling x6  
  74  6:32  Zergling x4  
  77  6:33  Zergling x2  
  69  6:45  Zergling x8  
  69  6:46  Zergling x2  
  69  6:50  Queen  
  69  6:51  Zergling x2  
  69  6:52  Zergling x4  
  71  6:54  Zergling x2  
  71  6:55  Zergling x4  
  71  6:58  Baneling x4  
  73  7:02  Zergling x2  
  73  7:05  Zergling x4  
  73  7:07  Zergling x2  
  69  7:14  Zergling x2  
  63  7:20  Zergling x6  
  63  7:21  Zergling x4  
  66  7:25  Zergling x8  
  69  7:31  Zergling x4  
  69  7:35  Drone  
  72  7:41  Zergling x4  
  74  7:48  Zergling x6  
  74  7:50  Zergling x2  
  77  7:56  Zergling x6  
  77  7:57  Zergling x2  
  76  8:04  Zergling x2  
  76  8:05  Zergling x10  
  77  8:15  Zergling x6  
  77  8:18  Zergling x4  
  82  8:25  Zergling x6  
  76  8:27  Zergling x4  
  76  8:30  Zergling x4  
Tags
 
Add a new tag
Caveats
  • Supply blocks, unpowered buildings, or Contaminate may cause inaccurate times.
  • Supply counts are checked every 10 seconds.